 Dungeon Crawl Stone Soup version 0.29-a0-275-g389c0b56f3 (webtiles) character file.

Game seed: 8666302932885656258

53 siradein the Bolt Thrower (level 3, 0/31 HPs)
             Began as a Hill Orc Hunter on Mar 9, 2022.
             Slain by an iguana (2 damage)
             ... on level 2 of the Dungeon.
             The game lasted 00:02:06 (1688 turns).

siradein the Bolt Thrower (Hill Orc Hunter)         Turns: 1688, Time: 00:02:06

Health: 0/31       AC:  6    Str: 14    XL:     3   Next: 87%
Magic:  3/3        EV: 11    Int: 11    God:
Gold:   123        SH:  0    Dex: 13    Spells: 2/2 levels left

rFire   . . .      SeeInvis .   a - +1 hand crossbow
rCold   . . .      Faith    .   (no shield)
rNeg    + . .      Spirit   .   l - +0 ring mail
rPois   .          Reflect  .   (no helmet)
rElec   .          Harm     .   (no cloak)
rCorr   .          Rampage  .   d - +0 pair of gloves
Will    .....                   (no boots)
Stlth   +.........              (no amulet)
HPRegen 0.10/turn               h - ring of positive energy
MPRegen 0.08/turn               (no ring)

@: no status effects
A: no striking features
a: no special abilities


You were on level 2 of the Dungeon.
You visited 1 branch of the dungeon, and saw 3 of its levels.

You collected 123 gold pieces.

Inventory:

Hand Weapons
 a - a +1 hand crossbow (weapon)
Armour
 d - a +0 pair of gloves (worn)
 l - a +0 ring mail (worn)
Jewellery
 h - a ring of positive energy (left hand)
Scrolls
 c - a scroll of immolation
 g - a scroll of noise {unknown}
 k - a scroll of identify {unknown}
Potions
 e - a potion of haste {unknown}
 f - 3 potions of degeneration {unknown}
 i - a potion of flight {unknown}
 j - a potion of heal wounds {unknown}


   Skills:
 + Level 3.2 Fighting
 + Level 4.0 Crossbows
 + Level 1.6 Armour
 + Level 2.1 Dodging
 - Level 0.7 Stealth


You had 2 spell levels left.
You didn't know any spells.
Your spell library contained the following spells:

 Spells                   Type           Power      Damage    Failure   Level
 Magic Dart               Conj           0%         1d3       58%         1
 Corpse Rot               Necr/Air       0%         N/A       73%         2
 Ensorcelled Hibernation  Hex/Ice        0%         N/A       73%         2
 Passwall                 Tmut/Erth      0%         N/A       73%         2
 Poisonous Vapours        Pois/Air       0%         N/A       73%         2
 Searing Ray              Conj           0%         2d4       73%         2
 Swiftness                Air            0%         N/A       91%         3
 Fulminant Prism          Conj/Hex       0%         3d6       100%        4


Dungeon Overview and Level Annotations

Branches:
Dungeon (3/15)

Altars:


Message History

Your Crossbows skill increases to level 4!
You shoot a bolt. The hobgoblin shouts!
The bolt hits the iguana.
The iguana is lightly wounded.
You shoot a bolt. The bolt barely misses the iguana.
The iguana bites you but does no damage.
The iguana barely misses you.
You shoot a bolt. The bolt hits the iguana.
The iguana is moderately wounded.
The iguana bites you!
You shoot a bolt.
The bolt hits the iguana but does no damage.
The iguana is moderately wounded.
The iguana closely misses you. The hobgoblin closely misses you.
The hobgoblin hits you but does no damage.
The iguana completely misses you.
You shoot a bolt.
The bolt hits the iguana but does no damage.
The iguana is moderately wounded.
The iguana bites you but does no damage.
The hobgoblin hits you.
You shoot a bolt.
The bolt hits the iguana but does no damage.
The iguana is moderately wounded.
The hobgoblin closely misses you. The iguana bites you.
You shoot a bolt.
The bolt hits the iguana but does no damage.
The iguana is moderately wounded.
The iguana bites you!
* * * LOW HITPOINT WARNING * * *
The hobgoblin completely misses you. The iguana bites you!
* * * LOW HITPOINT WARNING * * *
The hobgoblin hits you but does no damage.
The hobgoblin misses you.
The iguana bites you but does no damage.
You climb upwards.
There is a stone staircase leading down here.
The iguana bites you.
You die...

#.#...#.# #..#..........#..#.#
#.#...#.# ##.#..<.......#..#.##
#..<..#.####.#................#
###.#####.#..............########
....# #.#.###..........# #.#.#
#...# #..........# #...# #####
#....#.P####
###.###########....##...P##
#....).....##g@#.##P##.P#
###########.####>l.####.###
........###'#########P...P##
........#.........##..≈≈≈..##
...<..............#P..≈≈≈..P#
..................##P...[.P##
...................###♣_♣###
.....................####
.....................#


You could see an iguana and a hobgoblin.

Vanquished Creatures
  A worm (D:2)
  A dart slug (D:1)
  An orc (D:2)
  3 bats (D:2)
  7 endoplasms
  3 giant cockroaches
  6 goblins
  5 hobgoblins
  2 kobolds
  A quokka (D:1)
  5 ball pythons
  3 rats
38 creatures vanquished.

Notes
Turn   | Place    | Note
-------+----------+-------------------------------------------
     0 | D:1      | siradein the Hill Orc Hunter began the quest for the Orb.
     0 | D:1      | Reached XP level 1. HP: 18/18 MP: 1/1
   101 | D:1      | Reached XP level 2. HP: 25/25 MP: 2/2
   408 | D:1      | Reached skill level 1 in Armour
   561 | D:1      | Reached XP level 3. HP: 30/30 MP: 3/3
  1464 | D:2      | Found a faded altar of an unknown god.
  1679 | D:3      | Reached skill level 4 in Crossbows
  1685 | D:3      | HP: 1/31 [iguana (7)]
  1688 | D:2      | Slain by an iguana

Illustrated notes

Levels and vault maps discovered:
D:1:      minmay_arrival_split_and_join, layout_loops_ring, amethyst_killhole,
          minmay_indecisive_spiral
D:2:      layout_basic, dreamdust_ecumenical_altar_hidden_monk_grotto
D:3:      layout_loops_ring, nicolae_wu_jian_immortal_techniques, minivault_4

Skill      XL: |  1  2  3 |
---------------+----------+-----
Armour         | 1 |  1.6
Fighting       | 3 |  3.2
Dodging        | 2 |  2.1
Crossbows      | 4 |  4.0
Stealth        | |  0.7

Action                   || total
-------------------------++-------
 Fire: Hand crossbow     ||   106
Armor: Leather armour    ||    18
       Ring mail         ||     5
Dodge: Dodged            ||    29

Table legend: (Time is in decaauts)
 A = Elapsed time spent in this place.
 B = Non-inter-level travel time spent in this place.
 C = Inter-level travel time spent in this place.
 D = Time resting spent in this place.
 E = Time spent auto-exploring this place.
 F = Levels seen in this place.
 G = Mean time per level.
                   A        B        C        D        E       F      G
               +--------+--------+--------+--------+--------+-----+--------+
         Total |   1725 |   1654 |     71 |      0 |   1418 |   3 |  575.0 |
       Dungeon |   1725 |   1654 |     71 |      0 |   1418 |   3 |  575.0 |
               +--------+--------+--------+--------+--------+-----+--------+

Top non-repeatable levels by time:
     D:2: 890 daAuts
     D:1: 822 daAuts
     D:3: 13 daAuts
